 Dungeon Crawl Stone Soup version 0.32-a0-893-gf85d74f360 (webtiles) character file.

Game seed: 14082319131654619719

891 spaghetti the Magician (level 8, 0/67 HPs)
             Began as an Oni Necromancer on Apr 3, 2024.
             Was a Plaything of Xom.
             Slain by a gnoll sergeant
             ... wielding the +9 spear of Okawaru's Regard {freeze, rN+ Dex+4}
              (11 damage)
             ... on level 6 of the Dungeon.
             The game lasted 00:08:22 (6025 turns).

spaghetti the Magician (Oni Necromancer)            Turns: 6025, Time: 00:08:27

Health: 0/67       AC:  5    Str: 16    XL:     8   Next: 6%
Magic:  26/38      EV:  8    Int: 18    God:    Xom [..*...]
Gold:   174        SH:  0    Dex:  9    Spells: 11/21 levels left

rFire   . . .        w - +5 war axe "Utzoiq" {flame, MP+9 Str+3}
rCold   . . .        (no shield)
rNeg    . . .        a - +1 robe
rPois   .            (helmet restricted)
rElec   +            g - +0 cloak
rCorr   .            (gloves unavailable)
SInv    .            (boots unavailable)
Will    .....        (no amulet)
Stlth   +            x - ring of wizardry
HPRegen 0.31/turn    k - ring of magical power
MPRegen 0.26/turn

%: wizardry (x1)
@: on blink cooldown
A: large, unfitting armour, horns 2, tough skin 1, double potion healing,
drunken brawling, high MP 1, electricity resistance
a: Renounce Religion


You were on level 6 of the Dungeon.
You worshipped Xom.
You were a toy of Xom.
You visited 2 branches of the dungeon, and saw 7 of its levels.

You collected 332 gold pieces.
You spent 158 gold pieces at shops.

Inventory:

Hand Weapons
 e - a +0 dagger of pain
 w - the +5 war axe "Utzoiq" (weapon) {flame, MP+9 Str+3}
   (You found it on level 4 of the Dungeon)

   Str+3:     It affects your strength (+3).
   MP+9:      It affects your magic capacity (+9).
Armour
 a - a +1 robe (worn)
 g - a +0 cloak (worn)
Jewellery
 i - a ring of willpower
 k - a ring of magical power (right hand)
 x - a ring of wizardry (left hand)
 y - a +6 ring of strength
Wands
 l - a wand of quicksilver (3)
 r - a wand of paralysis (17)
 B - a wand of warping (8)
Scrolls
 c - 2 scrolls of noise
 d - 4 scrolls of enchant weapon
 n - a scroll of vulnerability
 o - 2 scrolls of teleportation
 p - a scroll of amnesia {unknown}
 q - 3 scrolls of identify
 t - a scroll of silence {unknown}
 u - a scroll of blinking
Potions
 b - 2 potions of magic
 f - 4 potions of curing {unknown}
 h - 2 potions of enlightenment {unknown}
 j - 4 potions of heal wounds
 m - 2 potions of lignification {unknown}
 s - a potion of ambrosia {unknown}
 v - a potion of degeneration {unknown}
 z - a potion of attraction {unknown}
 A - 2 potions of mutation


   Skills:
 - Level 1.7 Dodging
 - Level 1.4 Stealth
 + Level 7.1 Spellcasting
 - Level 7.0 Necromancy


You had 11 spell levels left.
You knew the following spells:

 Your Spells              Type           Power      Damage    Failure   Level
a - Necrotise             Necr           100%       1d9       1%          1
b - Vampiric Draining     Necr           31%        2d8       1%          3
c - Animate Dead          Necr           31%        N/A       2%          4
d - Blink                 Tloc           12%        N/A       6%          2

Your spell library contained the following spells:

 Spells                   Type           Power      Damage    Failure   Level
 Apportation              Tloc           12%        N/A       4%          1
 Jinxbite                 Hex            12%        N/A       6%          2
 Lesser Beckoning         Tloc           12%        N/A       6%          2
 Momentum Strike          Conj/Tloc      12%        3d8       6%          2
 Curse of Agony           Necr           31%        N/A       7%          5
 Maxwell's Portable Pile  Tloc           6%         2d(5-15)  13%         3
 Tukima's Dance           Hex            6%         N/A       13%         3
 Dimensional Bullseye     Hex/Tloc       3%         N/A       38%         4
 Iskenderun's Mystic Bla Conj/Tloc 6%             2d4        (+2d1     38%         4
 Alistair's Intoxication  Alch           4%         N/A       71%         5
 Arcjolt                  Conj/Air       3%         1d13      71%         5
 Maxwell's Capacitive Co  Air            3%         ∞         100%        8


Dungeon Overview and Level Annotations

Branches:
Dungeon (6/15)             Temple (1/1) D:5

Altars:
Ashenzari
Cheibriados
Fedhas
Gozag
Makhleb
Nemelex Xobeh
Qazlal
Ru
Sif Muna
Trog
Vehumet
Wu Jian
Xom
Yredelemnul
The Shining One

Shops:
D:3 *!(**

Annotations:
D:6 Blork the orc


Innate Abilities, Weirdness & Mutations

You are too large for most types of armour.
You have a pair of horns on your head.
You have tough skin. (AC +1)
You gain doubled healing and magic from potions.
Whenever you drink a healing potion, you attack all around you.
You have an increased reservoir of magic. (+10% MP)
You are resistant to electric shocks. (rElec)


Message History

Casting: Vampiric Draining (safe; 1% risk of failure)
Confirm with . or Enter, or press ? or * to list all spells.
You blink.
A gnoll breaks down the door.
Aiming: Warp Space
Press: ? - help, Shift-Dir - straight line, f - gnoll
Aim: a gnoll, wielding a +0 spear and quivering stones (chance to blink: 50%) Space twists violently!
The rupture engulfs the gnoll!
The gnoll is almost dead.
Unknown command.
Unknown command.
Casting: Blink (safe; 6% risk of failure)
Confirm with . or Enter, or press ? or * to list all spells.
Aiming: Necrotise (safe; 1% risk of failure)
Press: ? - help, Shift-Dir - straight line, f/p - gnoll
Aim: a gnoll, wielding a +0 spear and quivering stones (almost dead, chance to affect: 88%)
The gnoll writhes in agony.
The gnoll throws a stone.
The stone hits you.
* * * LOW HITPOINT WARNING * * *
Casting: Necrotise (safe; 1% risk of failure)
Confirm with . or Enter, or press ? or * to list all spells.
Aiming: Necrotise (safe; 1% risk of failure)
Press: ? - help, Shift-Dir - straight line, f/p - gnoll
Aim: a gnoll, wielding a +0 spear and quivering stones (almost dead, chance to affect: 88%)
The gnoll writhes in agony!
You kill the gnoll!
The dead are walking!
Casting: Necrotise (safe; 1% risk of failure)
Confirm with . or Enter, or press ? or * to list all spells.
Aiming: Necrotise (safe; 1% risk of failure)
Press: ? - help, Shift-Dir - straight line, f - gnoll sergeant
Aim: a gnoll sergeant, wielding the +9 spear of Okawaru's Regard {freeze, rN+ Dex+4} and wearing a +0 scale mail (severely wounded, ally target, chance to affect: 83%)
The gnoll sergeant writhes in agony.
Casting: Necrotise (safe; 1% risk of failure)
Confirm with . or Enter, or press ? or * to list all spells.
Aiming: Necrotise (safe; 1% risk of failure)
Press: ? - help, Shift-Dir - straight line, f/p - gnoll sergeant
Aim: a gnoll sergeant, wielding the +9 spear of Okawaru's Regard {freeze, rN+ Dex+4} and wearing a +0 scale mail (almost dead, ally target, chance to affect: 83%)
The gnoll sergeant writhes in agony.
The gnoll sergeant hits you from afar with the +9 spear of Okawaru's Regard!
You die... "Boring in life, boring in death..."

'......#...##.....##..##
..######.....##..#
#g.....#.........########
#..g...#................#
#......#.........Z......#
###..[...#+##..##.###.#####
#....g§###.##..##.###.##..#
#.....g#...'...........#).#
#.....Z)g.@#Z..........'..#
#......####################
########


You could see a gnoll sergeant (ally target), a gnoll and a friendly gnoll
skeleton.

Vanquished Creatures
  A black bear (D:4)
  An ogre (D:5)
  A centaur (D:5)
  2 scorpions (D:5)
  2 hounds
  3 jellies
  2 orc priests
  Jessica (D:2)
  An iguana (D:5)
  2 orc wizards
  Robin (D:2)
  A gnoll (D:6)
  6 adders
  2 shadow imps
  2 ufetubi (D:5)
  A dart slug (D:1)
  11 orcs
  3 ball pythons
  12 endoplasms
  9 giant cockroaches
  8 hobgoblins
  5 quokkas
  3 bats
  A frilled lizard (D:1)
  17 goblins
  8 kobolds
  4 rats
110 creatures vanquished.

Vanquished Creatures (collateral kills)
  An endoplasm (D:3)
  2 goblins
  A hobgoblin (D:2)
  2 ball pythons
6 creatures vanquished.

Vanquished Creatures (others)
  3 orc zombies (D:6)
3 creatures vanquished.

Grand Total: 119 creatures vanquished

Notes
Turn   | Place    | Note
-------+----------+-------------------------------------------
     0 | D:1      | spaghetti the Oni Necromancer began the quest for the Orb.
     0 | D:1      | Reached XP level 1. HP: 16/16 MP: 3/3
   179 | D:1      | Reached XP level 2. HP: 24/24 MP: 0/5
   591 | D:1      | Found a faded altar of an unknown god.
   982 | D:1      | Reached XP level 3. HP: 31/31 MP: 4/6
  1666 | D:2      | Noticed Robin
  1675 | D:2      | Reached skill level 5 in Necromancy
  1677 | D:2      | Reached XP level 4. HP: 26/39 MP: 3/7
  2030 | D:2      | Noticed Jessica
  2038 | D:2      | Killed Jessica
  2464 | D:2      | Killed Robin
  2536 | D:3      | Reached XP level 5. HP: 31/45 MP: 8/8
  2547 | D:3      | Found Zumnoegi's General Store.
  2549 | D:3      | Found Juf Wymiemir's Antique Weapon Emporium.
  2551 | D:3      | Bought a scroll of identify for 28 gold pieces
  2676 | D:3      | Found an opulent altar of Gozag.
  2934 | D:3      | Found Verph's Distillery.
  2947 | D:3      | Bought a potion of heal wounds for 50 gold pieces
  2947 | D:3      | Bought a potion of mutation for 80 gold pieces
  2947 | D:3      | Gained mutation: You are resistant to electric shocks.
                  | (rElec) [potion of mutation]
  2947 | D:3      | Gained mutation: You have an increased reservoir of magic.
                  | (+10% MP) [potion of mutation]
  2947 | D:3      | Gained mutation: You have a pair of horns on your head.
                  | [potion of mutation]
  3010 | D:3      | Found a sacrificial altar of Ru.
  3019 | D:3      | Found Bocucoust's Assorted Antiques.
  3173 | D:3      | Found Jarab's Assorted Antiques.
  3786 | D:3      | Learned a level 3 spell: Vampiric Draining
  3791 | D:3      | Learned a level 4 spell: Animate Dead
  3982 | D:4      | Reached XP level 6. HP: 53/53 MP: 11/11
  4135 | D:4      | Found a radiant altar of Vehumet.
  4346 | D:4      | Identified the +5 war axe "Utzoiq" {flame, MP+9 Str+3}
  4705 | D:4      | Noticed a black bear
  4715 | D:4      | Killed a black bear
  4723 | D:4      | Learned a level 2 spell: Blink
  4877 | D:5      | Entered Level 5 of the Dungeon
  4896 | D:5      | Found a broken altar of Ashenzari.
  4992 | D:5      | Reached XP level 7. HP: 58/59 MP: 14/14
  5114 | D:5      | Found a sparkling altar of Nemelex Xobeh.
  5173 | D:5      | Reached skill level 5 in Spellcasting
  5187 | D:5      | Found a staircase to the Ecumenical Temple.
  5225 | Temple   | Entered the Ecumenical Temple
  5341 | Temple   | Became a worshipper of Xom of Chaos
  5513 | D:5      | Found a sand-covered staircase.
  5643 | D:5      | XOM: silly message
  5704 | D:6      | Noticed Blork the orc
  5827 | D:6      | XOM: potion effect (haste)
  5831 | D:6      | Reached XP level 8. HP: 45/67 MP: 20/20
  6004 | D:6      | Identified the +9 spear of Okawaru's Regard {freeze, rN+
                  | Dex+4}
  6025 | D:6      | Slain by a gnoll sergeant

Illustrated notes

Levels and vault maps discovered:
D:1:      dpeg_arrival_chambers_temple_mockup, layout_basic,
          hellmonk_ecumenical_altar_leap_of_faith, minmay_misc_feat_columns,
          minmay_pentomino_q2
D:2:      layout_basic, kennysheep_boxes, uniq_robin, uniq_jessica
D:3:      layout_rooms, lemuel_tele_altar, nicolae_ru_awakened_eye,
          serial_shops, nicolae_shop_dealshenge, nicolae_shop_stone,
          nicolae_shop_stone, shop, nicolae_shop_hallway_plus
D:4:      layout_layer_cave, mainiacjoe_overflow_chevrons
D:5:      layout_basic, nemelex_diamond_rough_becter,
          nicolae_overflow_crystal_walls, minmay_temple_entry_waves,
          enter_ossuary_5
D:6:      layout_gridville, minitemple, uniq_sigmund, uniq_blork_the_orc,
          uniq_maggie
Temple:   hellmonk_temple_beads

Skill      XL: |  1  2  3  4  5  6  7  8 |
---------------+-------------------------+-----
Necromancy     | 4 5 6 7 |  7.0
Spellcasting   | 3 6 7 |  7.1
Dodging        | |  1.7
Stealth        | |  1.4

Action                     |  1- 3 |  4- 6 |  7- 9 || total
---------------------------+-------+-------+-------++-------
  Melee: Dagger            |    20 |    38 |       ||    58
         Headbutt          |     2 |     3 |     5 ||    10
         War axe           |       |     8 |    19 ||    27
   Cast: Necrotise         |    53 |   103 |    40 ||   196
         Vampiric Draining |       |     4 |     7 ||    11
         Animate Dead      |       |       |     1 ||     1
         Blink             |       |       |     1 ||     1
  Evoke: Wand              |       |     2 |     1 ||     3
    Use: Scroll            |       |     9 |       ||     9
         Potion            |       |     1 |       ||     1
 Armour: Robe              |    23 |    59 |    57 ||   139
  Dodge: Dodged            |    11 |    27 |    37 ||    75

Table legend: (Time is in decaauts)
 A = Elapsed time spent in this place.
 B = Non-inter-level travel time spent in this place.
 C = Inter-level travel time spent in this place.
 D = Time resting spent in this place.
 E = Time spent auto-exploring this place.
 F = Levels seen in this place.
 G = Mean time per level.
                   A        B        C        D        E       F      G
               +--------+--------+--------+--------+--------+-----+--------+
         Total |   6015 |   5709 |    306 |    460 |   4551 |   7 |  859.3 |
       Dungeon |   5855 |   5634 |    221 |    460 |   4478 |   6 |  975.8 |
        Temple |    159 |     74 |     85 |      0 |     73 |   1 |  159.0 |
               +--------+--------+--------+--------+--------+-----+--------+

Top non-repeatable levels by time:
     D:1: 1438 daAuts
     D:3: 1252 daAuts
     D:4: 1092 daAuts
     D:2: 1090 daAuts
     D:5: 749 daAuts
     D:6: 232 daAuts
  Temple: 159 daAuts
